 Dungeon Crawl Stone Soup version 0.31-b1-17-gcfd88c8481 (webtiles) character file.

Game seed: 7818790109415923754

230 Cheops the Poker (level 6, -1/47 HPs)
             Began as a Formicid Fighter on Jan 15, 2024.
             Frozen to death by an endoplasm (4 damage)
             ... on level 4 of the Dungeon.
             The game lasted 00:06:01 (2136 turns).

Cheops the Poker (Formicid Fighter)                 Turns: 2136, Time: 00:06:01

Health: -1/47      AC: 15    Str: 22    XL:     6   Next: 24%
Magic:  6/6        EV:  3    Int:  8    God:
Gold:   151        SH:  5    Dex: 13    Spells: 5/5 levels left

rFire   . . .        a - +0 trident
rCold   . . .        c - +0 buckler
rNeg    . . .        q - +0 plate armour
rPois   +            (helmet unavailable)
rElec   .            (no cloak)
rCorr   .            (no gloves)
SInv    +            (no boots)
Will    .....        (no amulet) Stlth
                     g - ring of poison resistance
HPRegen 0.27/turn    u - +4 ring of protection
MPRegen 0.10/turn

%: no passive effects
@: mighty, constricted
A: permanent stasis, dig shafts and tunnels, antennae 3, four strong arms
a: Dig, Shaft Self


You were on level 4 of the Dungeon.
You visited 1 branch of the dungeon, and saw 4 of its levels.

You collected 151 gold pieces.

Inventory:

Hand Weapons
 a - a +0 trident (weapon)
Armour
 b - a +0 scale mail
 c - a +0 buckler (worn)
 q - a +0 plate armour (worn)
Magical Staves
 l - a staff of fire
Jewellery
 g - a ring of poison resistance (left hand)
 j - a ring of flight
 u - a +4 ring of protection (right hand)
Scrolls
 e - a scroll of revelation {unknown}
 f - a scroll of identify {unknown}
 h - 2 scrolls of vulnerability {unknown}
 i - a scroll of poison {unknown}
 k - 4 scrolls of immolation {unknown}
 m - a scroll of teleportation {unknown}
 n - a scroll of fear {unknown}
 o - a scroll of noise {unknown}
 w - a scroll of enchant weapon {unknown}
Potions
 p - a potion of ambrosia {unknown}
 r - a potion of enlightenment {unknown}
 s - a potion of mutation {unknown}
 t - a potion of curing {unknown}
 v - a potion of brilliance {unknown}


   Skills:
 - Level 3.2 Fighting
 * Level 5.7 Polearms
 + Level 3.9 Armour
 - Level 4.0 Shields


You had 5 spell levels left.
You didn't know any spells.
Your spell library was empty.

Dungeon Overview and Level Annotations

Branches:
Dungeon (4/15)
 Temple: D:4-7

Altars:
Nemelex Xobeh
Uskayaw

Shops:
D:1 [


Innate Abilities, Weirdness & Mutations

You cannot be hasted, slowed, berserked, paralysed or teleported.
You can dig through walls and to a lower floor.
You have a pair of large antennae on your head. (SInv)
Your four strong arms can wield two-handed weapons with a shield.


Message History

Edmund hits you but does no damage.
The goblin shouts!
You hit Edmund.
Edmund is severely wounded.
The ball python bites you but does no damage.
The ball python constricts you.
Edmund hits you with a +2 flail of protection.
* * * LOW HITPOINT WARNING * * *
The ball python bites you but does no damage.
The ball python constricts you.
You barely miss Edmund.
Edmund is severely wounded.
Edmund hits you with a +2 flail of protection!
* * * LOW HITPOINT WARNING * * *
You block the ball python's attack. The ball python constricts you.
* * * LOW HITPOINT WARNING * * *
You hit Edmund.
Edmund is severely wounded.
You block the ball python's attack. The ball python constricts you.
Edmund hits you with a +2 flail of protection.
* * * LOW HITPOINT WARNING * * *
You hit Edmund but do no damage.
Edmund is severely wounded.
You block the ball python's attack. The ball python constricts you.
Edmund hits you with a +2 flail of protection.
* * * LOW HITPOINT WARNING * * *
You impale Edmund!!
You kill Edmund!
The ball python bites you.
* * * LOW HITPOINT WARNING * * *
The ball python constricts you. You block the ball python's attack.
The ball python constricts you.
Your Polearms skill increases to level 5!
You have reached level 6!
Unknown command.
Unknown command.
You barely miss the ball python. The endoplasm freezes you.
You are frozen.
You die...

### #.# #.##
#..## .
#<.S####....
##@Jg....$..
######.....
, ... .


You could see an endoplasm, a goblin and a ball python.

Vanquished Creatures
  Edmund (D:4)
  A bombardier beetle (D:3)
  2 adders (D:2)
  3 dart slugs
  2 ribbon worms
  3 ball pythons
  5 bats
  6 endoplasms
  A giant cockroach (D:2)
  5 hobgoblins
  3 jackals (D:2)
  2 quokkas
  5 frilled lizards
  2 goblins
  3 kobolds
  5 rats
49 creatures vanquished.

Notes
Turn   | Place    | Note
-------+----------+-------------------------------------------
     0 | D:1      | Cheops the Formicid Fighter began the quest for the Orb.
     0 | D:1      | Reached XP level 1. HP: 18/18 MP: 1/1
   323 | D:1      | Found Fecleagg's Antique Armour Shop.
   381 | D:1      | Reached XP level 2. HP: 24/24 MP: 2/2
   779 | D:2      | Reached skill level 3 in Polearms
   817 | D:2      | Found a sparkling altar of Nemelex Xobeh.
   826 | D:2      | Reached XP level 3. HP: 28/29 MP: 3/3
  1093 | D:2      | Reached skill level 4 in Polearms
  1093 | D:2      | Reached XP level 4. HP: 21/35 MP: 4/4
  1421 | D:3      | Found a hide-covered altar of Uskayaw.
  1591 | D:3      | Reached XP level 5. HP: 40/41 MP: 5/5
  2109 | D:4      | Noticed Edmund
  2135 | D:4      | Killed Edmund
  2135 | D:4      | HP: 2/41 [ball python (1)]
  2136 | D:4      | Reached skill level 5 in Polearms
  2136 | D:4      | Reached XP level 6. HP: 2/47 MP: 6/6
  2136 | D:4      | Frozen to death by an endoplasm

Illustrated notes

Levels and vault maps discovered:
D:1:      noname_arrival_rooms_in_the_neighbourhood, layout_loops_ring,
          serial_shops, shop, serial_rivers, chequers_serial_rivers_large_a,
          chequers_serial_rivers_small_a, chequers_serial_rivers_small_3,
          chequers_serial_rivers_micro_d, chequers_serial_rivers_micro_d,
          chequers_serial_rivers_room_a, minivault_11
D:2:      layout_basic, basic_altar
D:3:      layout_basic, old_standard_altar
D:4:      layout_layer_cave, trog_wizard, mainiacjoe_overflow_paths,
          general_overflow_altar, uniq_edmund

Skill      XL: |  1  2  3  4  5 |
---------------+----------------+-----
Polearms       | 3 4 5 |  5.7
Fighting       | |  3.2
Armour         | |  3.9
Shields        | |  4.0

Action                     |  1- 3 |  4- 6 || total
---------------------------+-------+-------++-------
  Melee: Trident           |    90 |    67 ||   157
    Use: Potion            |       |     1 ||     1
 Armour: Scale mail        |    61 |     1 ||    62
         Plate armour      |       |    50 ||    50
  Dodge: Dodged            |    48 |    23 ||    71
  Block: Buckler           |    21 |    22 ||    43
